 Dungeon Crawl Stone Soup version 0.20-a0-3-g334f831 (webtiles) character file.

108 dobroeutro the Skirmisher (level 4, -6/44 HPs)
             Began as a Naga Monk on Oct 30, 2016.
             Shot with an arrow by a centaur (15 damage)
             ... on level 6 of the Dungeon.
             The game lasted 00:06:56 (2425 turns).

dobroeutro the Skirmisher (Naga Monk)               Turns: 2425, Time: 00:06:56

Health: -6/44      AC:  3    Str: 14    XL:     4   Next: 87%
Magic:  4/4        EV: 10    Int: 10    God:
Gold:   216        SH:  0    Dex: 14    Spells: 0 memorised, 3 levels left

rFire  + . .     SeeInvis +       - Unarmed
rCold  . . .     Gourm    .     k - +0 leather armour
rNeg   . . .     Faith    .     (no shield)
rPois  +         Spirit   .     (no helmet)
rElec  .         Reflect  .     (no cloak)
rCorr  .         Harm     +     (no gloves)
MR     .....                    (no barding)
Stlth  ++........               p - amulet of harm
                                (no ring)
                                c - ring of protection from fire

@: very slow
A: see invisible, deformed body, poison resistance, slowness 2, slow metabolism
1, spit poison 1, AC +1
a: Spit Poison


You were on level 6 of the Dungeon.
You were not hungry.

You visited 1 branch of the dungeon, and saw 6 of its levels.

You collected 216 gold pieces.

Inventory:

Armour
 a - a +0 robe
 f - a +0 chain mail
 k - a +0 leather armour (worn)
Jewellery
 c - a ring of protection from fire (left hand)
 p - an amulet of harm (around neck)
Wands
 r - a wand of confusion (12/48)
Scrolls
 e - 2 scrolls of enchant armour {unknown}
 g - a scroll of teleportation {unknown}
 j - a scroll of amnesia {unknown}
 m - a scroll of noise {unknown}
 q - 2 scrolls of remove curse {unknown}
 s - a scroll of fog {unknown}
 u - a scroll of enchant weapon {unknown}
Potions
 h - a potion of invisibility {unknown}
 l - a potion of curing {unknown}
 o - a potion of haste {unknown}
 t - a potion of heal wounds {unknown}
Comestibles
 b - 2 bread rations
 d - a meat ration
 i - a beef jerky


   Skills:
 + Level 3.8 Fighting
 + Level 1.7 Armour
 + Level 2.9 Dodging
 - Level 3.0 Stealth
 + Level 3.6 Unarmed Combat


You had 3 spell levels left.
You didn't know any spells.

Dungeon Overview and Level Annotations

Branches:
Dungeon (7/15)
 Temple: D:4-7

Altars:
Elyvilon
Zin


Innate Abilities, Weirdness & Mutations

You cannot wear boots.
Your serpentine skin is tough. (AC +1)
You have supernaturally acute eyesight. (SInv)
Armour fits poorly on your strangely shaped body.
Your system is resistant to poisons. (rPois)
You cover ground very slowly.
You have a slow metabolism.
You can spit poison.


Message History

You now have 208 gold pieces (gained 11).
You see here 22 stones.
You see here 22 stones.
You see here 22 stones.
A worker ant zombie comes into view.
You see here 8 gold pieces.
You now have 216 gold pieces (gained 8).
A worker ant zombie is nearby!
A centaur comes into view.
The centaur shouts!
The centaur wields a shortbow.
The centaur shoots an arrow.
The arrow barely misses you.
The centaur shoots an arrow.
The arrow hits you.
Things that are here:
an arrow; 11 gold pieces The centaur shoots an arrow.
The arrow hits you!
The centaur shoots an arrow.
The arrow hits you!
* * * LOW HITPOINT WARNING * * *
You see here 2 arrows.
The centaur shoots an arrow.
The arrow hits you!
You die...

.#.##....##. ## #
##.#####. ## .. #...# ##
#.# #. #.♣.# #.# #. #...#
#.# #. ##.## #.#. #.#
#.######## ##.##
#((@##...###...###..
.......###...♣..(.._.....♣
....c.. #.#...###...###..
....... #.##### ##.##
.####.# .## #.# .. .# #.#
### .# ... #. ♣. # .#


You could see a centaur.

Vanquished Creatures
  4 adders
  A shadow imp (D:6)
  3 worms
  3 dart slugs
  A leopard gecko (D:6)
  An orc (D:3)
  A ball python (D:5)
  3 bats
  A giant cockroach (D:2)
  8 goblins
  7 hobgoblins
  7 kobolds
  A quokka (D:6)
  4 frilled lizards
  4 rats (D:2)
49 creatures vanquished.

Notes
Turn   | Place    | Note
-------+----------+-------------------------------------------
     0 | D:1      | dobroeutro the Naga Monk began the quest for the Orb.
     0 | D:1      | Reached XP level 1. HP: 21/21 MP: 1/1
   348 | D:1      | Reached XP level 2. HP: 9/28 MP: 2/2
   619 | D:1      | Reached skill level 1 in Armour
   819 | D:2      | Reached XP level 3. HP: 34/34 MP: 3/3
  1234 | D:2      | Reached XP level 4. HP: 42/43 MP: 4/4
  1868 | D:3      | Found a glowing silver altar of Zin.
  1869 | D:3      | Noticed an angel
  1971 | D:3      | You fall through a shaft for 2 floors!
  1971 | D:5      | Entered Level 5 of the Dungeon
  2072 | D:5      | You fall through a shaft for 2 floors!
  2082 | D:7      | Noticed a bullfrog
  2143 | D:6      | Noticed a centaur
  2397 | D:6      | Found a white marble altar of Elyvilon.
  2422 | D:6      | Noticed a centaur
  2425 | D:6      | Shot with an arrow by a centaur

Vault maps used:
D:1:      dpeg_arrival_three_same_balls, serial_corexii_hall,
          corexii_hall_statues_u, corexii_hall_statues_l
D:2:      minmay_wonky_spiral
D:3:      zin_angel
D:5:      first_bread, grunt_qazlal_clouds, uniq_eustachio, uniq_pikel
D:6:      elyvilon_altar_1, basic_altar
D:7:      grunt_temple_overflow_diamond, uniq_joseph, uniq_menkaure

Skill      XL: |  1  2 |
---------------+-------+-----
Armour         | 1 |  1.7
Fighting       | |  3.8
Dodging        | |  2.9
Stealth        | |  3.0
Unarmed Combat | |  3.6

Action                   |  1- 3 |  4- 6 || total
-------------------------+-------+-------++-------
Melee: Unarmed           |    75 |    57 ||   132
       Punch             |     1 |       ||     1
 Abil: Spit Poison       |    12 |    10 ||    22
 Stab: Sleeping          |     1 |       ||     1
  Eat: Chunk             |     1 |     4 ||     5
Armor: Robe              |     5 |       ||     5
       Leather armour    |       |    10 ||    10
Dodge: Dodged            |    40 |    34 ||    74
